EVO
RICE UNIVERSITY OWLS @ UNIVERSITY OF ARIZONA WILDCATS
11/24/2047
 
TOP OF THE 1ST
Rice University Owls batting - Pitching for University of Arizona Wildcats : RHP Chris Galloway
Pitching: RHP Chris Galloway
Batting: RHB Caleb Mercer 0-0: Ball
1-0: Ball
2-0: Ball
3-0: Called Strike
3-1: Ground out U3 (Groundball, 34S, EV 90.6 MPH)
Batting: RHB Javier Quinones 0-0: Called Strike
0-1: Swinging Strike
0-2: DOUBLE (Line Drive, 8RXD, EV 98.1 MPH)
Batting: RHB Jose Soto 0-0: Ball
1-0: Fly out, F9 (Line Drive, 9D, EV 104.4 MPH)
Batting: SHB Ken Wilson 0-0: Ball
1-0: Called Strike
1-1: Ground out U3 (Groundball, 34S, EV 85.0 MPH)
Top of the 1st over - 0 runs, 1 hit, 0 errors, 1 left on base; Rice University 0 - University of Arizona 0
BOTTOM OF THE 1ST
University of Arizona Wildcats batting - Pitching for Rice University Owls : RHP Dejenie Mensah
Pitching: RHP Dejenie Mensah
Batting: LHB Pascal Noël 0-0: Ball
1-0: Fly out, F8 (Flyball, 78M, EV 96.9 MPH)
Batting: LHB Jere Paatelainen 0-0: Ball
1-0: Ball
2-0: Ball
3-0: Called Strike
3-1: Foul Ball, location: 2F
3-2: Foul Ball, location: 2F
3-2: DOUBLE (Line Drive, 3D, EV 96.2 MPH)
Batting: RHB Ron Dondale 0-0: Ball
1-0: Ball
2-0: Ball
3-0: Base on Balls
Batting: RHB Ricardo Fernandez 0-0: Ball
1-0: Called Strike
1-1: Ball
Wild Pitch!
Jere Paatelainen to third
Ron Dondale to second
2-1: Foul Ball, location: 2F
2-2: Ball
3-2: Fly out, F5 (Popup, 56S, EV 73.1 MPH)
Batting: RHB Steve Carmichael 0-0: Called Strike
0-1: Ball
1-1: Ball
2-1: Foul Ball, location: 2F
2-2: Foul Ball, location: 2F
2-2: Strikes out swinging, 2-3 out at first.
Bottom of the 1st over - 0 runs, 1 hit, 0 errors, 2 left on base; Rice University 0 - University of Arizona 0
TOP OF THE 2ND
Rice University Owls batting - Pitching for University of Arizona Wildcats : RHP Chris Galloway
Batting: RHB Neil Worth 0-0: Ball
1-0: Called Strike
1-1: Swinging Strike
1-2: Ball
2-2: Foul Ball, location: 2F
2-2: Strikes out swinging
Batting: LHB Chris Gonzales 0-0: Foul Ball, location: 2F
0-1: Ball
1-1: Ball
2-1: Called Strike
2-2: Strikes out swinging
Batting: RHB Alex Alvarez 0-0: Called Strike
0-1: Ball
1-1: Ball
2-1: Ball
3-1: Ground out 1-3 (Groundball, 34S, EV 70.6 MPH)
Top of the 2nd over - 0 runs, 0 hits, 0 errors, 0 left on base; Rice University 0 - University of Arizona 0
BOTTOM OF THE 2ND
University of Arizona Wildcats batting - Pitching for Rice University Owls : RHP Dejenie Mensah
Batting: RHB Dan Doggett 0-0: Ball
1-0: Called Strike
1-1: Ball
2-1: Foul Ball, location: 2F
2-2: Fly out, F3 (Popup, 3SF, EV 83.1 MPH)
Batting: LHB Andrew Davis 0-0: Foul Ball, location: 2F
0-1: Foul Ball, location: 2F
0-2: SOLO HOME RUN (Flyball, 9D, EV 96.9 MPH), Distance : 366 ft
Batting: LHB Lihau Keawe 0-0: Foul Ball, location: 2F
0-1: Ball
1-1: Ball
2-1: Ground out 4-3 (Groundball, 4, EV 101.9 MPH)
Batting: RHB Eddy Amaya 0-0: Called Strike
0-1: Foul Ball, location: 2F
0-2: Strikes out swinging
Bottom of the 2nd over - 1 run, 1 hit, 0 errors, 0 left on base; Rice University 0 - University of Arizona 1
TOP OF THE 3RD
Rice University Owls batting - Pitching for University of Arizona Wildcats : RHP Chris Galloway
Batting: SHB Steve Wipf 0-0: Fly out, F8 (Flyball, 89M, EV 78.1 MPH)
Batting: RHB Allen Jarvis 0-0: Swinging Strike
0-1: Ball
1-1: Ball
2-1: Ball
3-1: Base on Balls
Batting: RHB Caleb Mercer 0-0: Called Strike
0-1: SINGLE (Groundball, 6D, EV 101.2 MPH)
Allen Jarvis to second
Runner from 2nd tries for 3rd, SAFE, throw by LF made to third
Batting: RHB Javier Quinones 0-0: Grounds into double play, 6-4-3 (Groundball, 6, EV 80.6 MPH)
Top of the 3rd over - 0 runs, 1 hit, 0 errors, 1 left on base; Rice University 0 - University of Arizona 1
BOTTOM OF THE 3RD
University of Arizona Wildcats batting - Pitching for Rice University Owls : RHP Dejenie Mensah
Batting: LHB Pascal Noël 0-0: Called Strike
0-1: Ball
1-1: Foul Ball, location: 2F
1-2: Ball
2-2: SINGLE (Flyball, 7LS, EV 88.8 MPH)
Batting: LHB Jere Paatelainen 0-0: Ball
1-0: Foul Ball, location: 2F
1-1: Ball
2-1: Grounds into double play, 3-6-1 (Groundball, 3, EV 100.0 MPH)
Batting: RHB Ron Dondale 0-0: Ball
1-0: Foul Ball, location: 2F
1-1: DOUBLE (Flyball, 89D, EV 96.2 MPH)
Batting: RHB Ricardo Fernandez 0-0: Foul Ball, location: 2F
0-1: Ball
1-1: Foul Ball, location: 2F
1-2: Strikes out swinging
Bottom of the 3rd over - 0 runs, 2 hits, 0 errors, 1 left on base; Rice University 0 - University of Arizona 1
TOP OF THE 4TH
Rice University Owls batting - Pitching for University of Arizona Wildcats : RHP Chris Galloway
Batting: RHB Jose Soto 0-0: SINGLE (Line Drive, 78S, EV 108.1 MPH)
Batting: SHB Ken Wilson 0-0: Foul Ball, location: 2F
0-1: Ball
1-1: Called Strike
1-2: Ball
2-2: Ball
3-2: Foul Ball, location: 2F
3-2: Grounds into double play, 5-4-3 (Groundball, 5, EV 79.4 MPH)
Batting: RHB Neil Worth 0-0: Ball
1-0: Single, Error in OF, E7, batter to second base (Line Drive, 78S, EV 91.2 MPH)
Batting: LHB Chris Gonzales 0-0: Ball
1-0: Ball
2-0: Fly out, F9 (Flyball, 9, EV 86.9 MPH)
Top of the 4th over - 0 runs, 2 hits, 1 error, 1 left on base; Rice University 0 - University of Arizona 1
BOTTOM OF THE 4TH
University of Arizona Wildcats batting - Pitching for Rice University Owls : RHP Dejenie Mensah
Batting: RHB Steve Carmichael 0-0: Foul Ball, location: 2F
0-1: Ball
1-1: Foul Ball, location: 2F
1-2: Strikes out looking
Batting: RHB Dan Doggett 0-0: Called Strike
0-1: Swinging Strike
0-2: Ball
1-2: Strikes out looking
Batting: LHB Andrew Davis 0-0: Ball
1-0: Called Strike
1-1: Ball
2-1: Foul Ball, location: 2F
2-2: DOUBLE (Line Drive, 89D, EV 100.0 MPH)
Batting: LHB Lihau Keawe 0-0: Ground out U3 (Groundball, 3S, EV 90.0 MPH)
Bottom of the 4th over - 0 runs, 1 hit, 0 errors, 1 left on base; Rice University 0 - University of Arizona 1
TOP OF THE 5TH
Rice University Owls batting - Pitching for University of Arizona Wildcats : RHP Chris Galloway
Batting: RHB Alex Alvarez 0-0: Fly out, F4 (Line Drive, 4, EV 74.4 MPH)
Batting: SHB Steve Wipf 0-0: Ball
1-0: Called Strike
1-1: Foul Ball, location: 2F
1-2: Ball
2-2: Foul Ball, location: 2F
2-2: Strikes out swinging
Batting: RHB Allen Jarvis 0-0: Ball
1-0: Ball
2-0: Fly out, F8 (Flyball, 8LD, EV 100.6 MPH)
Top of the 5th over - 0 runs, 0 hits, 0 errors, 0 left on base; Rice University 0 - University of Arizona 1
BOTTOM OF THE 5TH
University of Arizona Wildcats batting - Pitching for Rice University Owls : RHP Dejenie Mensah
Batting: RHB Eddy Amaya 0-0: Ball
1-0: Ball
2-0: Ball
3-0: Base on Balls
Batting: LHB Pascal Noël 0-0: Bunted foul
0-1: Sac Bunt to 3S - play at first, batter OUT! 3-1
Eddy Amaya to second
Batting: LHB Jere Paatelainen 0-0: Called Strike
0-1: Ball
Eddy Amaya is caught stealing 3rd base 2-5
1-1: Foul Ball, location: 2F
1-2: Ground out 6-3 (Groundball, 6MS, EV 87.5 MPH)
Bottom of the 5th over - 0 runs, 0 hits, 0 errors, 0 left on base; Rice University 0 - University of Arizona 1
TOP OF THE 6TH
Rice University Owls batting - Pitching for University of Arizona Wildcats : RHP Chris Galloway
Batting: RHB Caleb Mercer 0-0: Foul Ball, location: 2F
0-1: Fly out, F8 (Flyball, 8RS, EV 85.6 MPH)
Batting: RHB Javier Quinones 0-0: Called Strike
0-1: Fly out, F2 (Popup, 25F, EV 83.8 MPH)
Batting: RHB Jose Soto 0-0: Fly out, F7 (Flyball, 7LM, EV 98.1 MPH)
Top of the 6th over - 0 runs, 0 hits, 0 errors, 0 left on base; Rice University 0 - University of Arizona 1
BOTTOM OF THE 6TH
University of Arizona Wildcats batting - Pitching for Rice University Owls : RHP Dejenie Mensah
Pitching: LHP Joe Fleury
Batting: RHB Ron Dondale 0-0: Called Strike
0-1: Ball
1-1: Ball
2-1: Ball
3-1: Foul Ball, location: 2F
3-2: Base on Balls
Batting: RHB Ricardo Fernandez 0-0: Called Strike
0-1: Called Strike
0-2: Ball
1-2: Fly out, F9 (Flyball, 9LS, EV 91.9 MPH)
Batting: RHB Steve Carmichael 0-0: Called Strike
0-1: SINGLE (Groundball, 25, EV 66.2 MPH) (infield hit)
Ron Dondale to second
Batting: RHB Dan Doggett 0-0: Grounds into double play, 4-6-3 (Groundball, 4, EV 86.2 MPH)
Bottom of the 6th over - 0 runs, 1 hit, 0 errors, 1 left on base; Rice University 0 - University of Arizona 1
TOP OF THE 7TH
Rice University Owls batting - Pitching for University of Arizona Wildcats : RHP Chris Galloway
Batting: SHB Ken Wilson 0-0: Ball
1-0: Called Strike
1-1: Fly out, F8 (Flyball, 8LD, EV 78.8 MPH)
Batting: RHB Neil Worth 0-0: Called Strike
0-1: Fly out, F7 (Flyball, 78M, EV 84.4 MPH)
Batting: LHB Chris Gonzales 0-0: Called Strike
0-1: Swinging Strike
0-2: Ball
1-2: Ball
2-2: Strikes out swinging
Top of the 7th over - 0 runs, 0 hits, 0 errors, 0 left on base; Rice University 0 - University of Arizona 1
BOTTOM OF THE 7TH
University of Arizona Wildcats batting - Pitching for Rice University Owls : LHP Joe Fleury
Pitching: RHP Nick Brooks
Batting: LHB Andrew Davis 0-0: Ball
1-0: Ground out 6-3 (Groundball, 6, EV 83.1 MPH)
Batting: LHB Lihau Keawe 0-0: Foul Ball, location: 2F
0-1: Foul Ball, location: 2F
0-2: Ball
1-2: Ball
2-2: Strikes out swinging
Batting: RHB Eddy Amaya 0-0: Called Strike
0-1: Ground out 6-3 (Groundball, 6S, EV 71.2 MPH)
Bottom of the 7th over - 0 runs, 0 hits, 0 errors, 0 left on base; Rice University 0 - University of Arizona 1
TOP OF THE 8TH
Rice University Owls batting - Pitching for University of Arizona Wildcats : RHP Chris Galloway
Batting: RHB Alex Alvarez 0-0: Ball
1-0: Fly out, F8 (Flyball, 8RM, EV 90.0 MPH)
Batting: SHB Steve Wipf 0-0: Called Strike
0-1: Ground out 6-3 (Groundball, 56, EV 82.5 MPH)
Pinch Hitting: SHB Dave Van Sickle 0-0: Foul Ball, location: 2F
0-1: Fly out, F7 (Flyball, 7, EV 91.9 MPH)
Top of the 8th over - 0 runs, 0 hits, 0 errors, 0 left on base; Rice University 0 - University of Arizona 1
BOTTOM OF THE 8TH
University of Arizona Wildcats batting - Pitching for Rice University Owls : RHP Nick Brooks
Now at SS: Emanuel Pulido
Batting: LHB Pascal Noël 0-0: Ball
1-0: Foul Ball, location: 2F
1-1: Swinging Strike
1-2: Foul Ball, location: 2F
1-2: Ball
2-2: Ground out 4-3 (Groundball, 4, EV 99.4 MPH)
Batting: LHB Jere Paatelainen 0-0: Called Strike
0-1: Ground out 5-3 (Groundball, 56S, EV 83.8 MPH)
Batting: RHB Ron Dondale 0-0: Foul Ball, location: 2F
0-1: Foul Ball, location: 2F
0-2: Foul Ball, location: 2F
0-2: DOUBLE (Flyball, 8RXD, EV 97.5 MPH)
Batting: RHB Ricardo Fernandez 0-0: SINGLE (Groundball, 6, EV 96.2 MPH)
Ron Dondale to third
Runner from 3rd tries for Home, SAFE, throw by CF to home
Batting: RHB Steve Carmichael 0-0: Foul Ball, location: 2F
0-1: Foul Ball, location: 2F
0-2: Ball
1-2: Ground out 6-3 (Groundball, 6MS, EV 71.9 MPH)
Bottom of the 8th over - 1 run, 2 hits, 0 errors, 1 left on base; Rice University 0 - University of Arizona 2
TOP OF THE 9TH
Rice University Owls batting - Pitching for University of Arizona Wildcats : RHP Chris Galloway
Pitching: LHP Lance Freake
Now at 3B: Manny Corral
Batting: RHB Caleb Mercer 0-0: Ball
1-0: Ball
2-0: Ball
3-0: Called Strike
3-1: Called Strike
3-2: Ground out 6-3 (Groundball, 6D, EV 87.5 MPH)
Batting: RHB Javier Quinones 0-0: Foul Ball, location: 2F
0-1: Ball
1-1: Called Strike
1-2: Fly out, F6 (Popup, 6MD, EV 53.8 MPH)
Batting: RHB Jose Soto 0-0: Ball
1-0: Swinging Strike
1-1: Ground out 6-3 (Groundball, 6, EV 91.9 MPH)
Top of the 9th over - 0 runs, 0 hits, 0 errors, 0 left on base; Rice University 0 - University of Arizona 2
Thursday, December 15th , 2022 - OOTP Baseball 23.9 Build 102